 Dungeon Crawl Stone Soup version 0.27-a0-906-g0a00ce863d (webtiles) character file.

Game seed: 12134029320188114478

4 kae the Skirmisher (level 1, 16/20 HPs)
             Began as a Hill Orc Fighter on Apr 6, 2021.
             Quit the game on level 1 of the Dungeon.
             The game lasted 00:00:08 (54 turns).

kae the Skirmisher (Hill Orc Fighter)                 Turns: 54, Time: 00:00:08

Health: 16/20      AC:  6    Str: 18    XL:     1   Next: 70%
Magic:  1/1        EV:  7    Int:  8    God:
Gold:   0          SH:  9    Dex: 10    Spells: 0/0 levels left

rFire    . . .     SeeInvis .   a - +0 war axe
rCold    . . .     Faith    .   c - +0 kite shield
rNeg     . . .     Spirit   .   b - +0 scale mail
rPois    .         Reflect  .   (no helmet)
rElec    .         Harm     .   (no cloak)
rCorr    .         Rampage  .   (no gloves)
Will     .....                  (no boots)
Stlth    ..........             (no amulet)
HPRegen  0.06/turn              (no ring)
MPRegen  0.07/turn              (no ring)

@: no status effects
A: no striking features
a: no special abilities


You were on level 1 of the Dungeon.
You visited 1 branch of the dungeon, and saw 1 of its levels.

Inventory:

Hand Weapons
 a - a +0 war axe (weapon)
Armour
 b - a +0 scale mail (worn)
 c - a +0 kite shield (worn)
Potions
 d - a potion of might


   Skills:
 + Level 3.7 Fighting
 * Level 3.0 Axes
 + Level 3.3 Armour
 - Level 3.2 Shields


You couldn't memorise any spells.
You didn't know any spells.
Your spell library was empty.

Dungeon Overview and Level Annotations

Branches:
Dungeon (1/15)

Altars:


Message History

A bat is nearby!
You closely miss the bat.
The bat is severely wounded.
You block the bat's attack.
You hit the bat.
You kill the bat!
Your Axes skill increases to level 3!
Things that are here:
a bat corpse; a bat corpse No target in view!
No target in view!
You see here a rat corpse.
Things that are here:
a bat corpse; a bat corpse
Things that are here:
a bat corpse; a bat corpse A rat comes into view.
You block the rat's attack.
A rat is nearby!
You hit the rat.
You kill the rat!
No target in view!
A goblin comes into view. It is wielding a +0 club.
The goblin shouts!
You see here a rat corpse.
You hit the goblin.
The goblin is heavily wounded.
You block the goblin's attack.
You completely miss the goblin.
The goblin is heavily wounded.
You block the goblin's attack. The goblin hits you with a +0 club.
A goblin is nearby!
You barely miss the goblin.
The goblin is heavily wounded.
You block the goblin's attack.
You miss the goblin.
The goblin is heavily wounded.
You block the goblin's attack. The goblin barely misses you.
A goblin is nearby!
Are you sure you want to abandon this character and quit the game? (Confirm with "yes".)

#.≈≈≈≈.≈≈≈..#
##.≈≈≈≈≈≈≈≈≈###
#...≈.≈≈≈≈.≈#.#
##.#.≈≈≈≈≈....#
#.##.≈≈.≈≈≈...##
##...≈......#..#
#.††≈..#...#..#
##.#...##.#.#.##
#.##.###.#.##@#
#.####..##.##.g.#
#.# ..# ###...##
### ..# ##### ..


You could see a goblin.

Vanquished Creatures
  2 bats (D:1)
  A goblin (D:1)
  2 rats (D:1)
5 creatures vanquished.

Notes
Turn   | Place    | Note
-------+----------+-------------------------------------------
     0 | D:1      | kae the Hill Orc Fighter began the quest for the Orb.
     0 | D:1      | Reached XP level 1. HP: 19/19 MP: 1/1
    54 | D:1      | Quit the game

Illustrated notes

Levels and vault maps discovered:
D:1:      dpeg_arrival_subterranean_lakeside_camping, layout_basic,
          basic_ecumenical_altar, serial_co_window_serial, co_window_paths_b,
          co_window_paths_b, co_window_of_opportunity_a, co_window_paths_a,
          co_window_cross_1, co_window_unsneaky_path_b,
          co_window_unsneaky_path_b, co_window_broadway_c, co_window_4corner_a,
          glass_columns_a, glass_columns_b, glass_columns_a,
          minmay_misc_feat_ornament

Skill      XL: |  1 |
---------------+----+-----
Axes           | 3 |  3.0
Fighting       | |  3.7
Armour         | |  3.3
Shields        | |  3.2

Action                   || total
-------------------------++-------
Melee: War axe           ||    14
Armor: Scale mail        ||     7
Dodge: Dodged            ||     4
Block: Kite shield       ||    13

Table legend: (Time is in decaauts)
 A = Elapsed time spent in this place.
 B = Non-inter-level travel time spent in this place.
 C = Inter-level travel time spent in this place.
 D = Time resting spent in this place.
 E = Time spent auto-exploring this place.
 F = Levels seen in this place.
 G = Mean time per level.
                   A        B        C        D        E       F      G
               +--------+--------+--------+--------+--------+-----+--------+
         Total |     62 |     62 |      0 |      0 |     31 |   1 |   62.0 |
       Dungeon |     62 |     62 |      0 |      0 |     31 |   1 |   62.0 |
               +--------+--------+--------+--------+--------+-----+--------+

Top non-repeatable levels by time:
     D:1: 62 daAuts
